cohdb
Replays
Latest Replays
All Replays
Popular Replays
Top Player Replays
Match Explorer
How It Works
Community
CoH3 Stats
Reddit
Sign in to upload your games and track your stats! →
Sign in with Steam
Match 41782856
Unlisted
Match 41782856
Overview
Messages
Build Orders
End
Selects Canadian Shock Battlegroup
Vickers Machine Gun Team
Construct Section Command Post
Dingo Light Scout Car
Infantry Section
Selects Offensive Resupply
Selects Attacking Spirit
Selects Canadian Shock Section
Canadian Shock Section
Construct Platoon Command Post
Selects Incendiary Munitions
Construct Field Infirmary
Canadian Shock Section
Unlock M3 Stuart Light Tanks
M3 Stuart Light Tank
Canadian Shock Section
Construct Company Command Post
Selects Pyrotechnics
Crusader II Medium Tank
6-pounder Anti-tank Gun Team
Foot Guards Section
Canadian Shock Section
Unlock M3 Grant Medium Tanks
M3 Grant Medium Tank
Infantry Training
Selects Churchill Crocodile Heavy Tank
M3 Grant Medium Tank
Armored Vehicle Training
Selects Smoke Operation
M3 Grant Medium Tank
Churchill Crocodile Heavy Tank
Smoke Operation
mp5
Dawes
Ricard2037
Yami
Jupp
DragonRapide
vespasianxci
LePyjamaFrançais
0
0
Comments
sign in to comment!
No comments posted yet!